 Dungeon Crawl Stone Soup version 0.25-a0-21-ga5a8db46c7 (webtiles) character file.

Game seed: 3364537898901222969, levelgen mode: deterministic

3142 MordorOrchid the Ruffian (level 9, 0/81 (83) HPs)
             Began as a Troll Earth Elementalist on Oct 16, 2019.
             Was a Believer of Qazlal.
             Killed from afar by an electric eel (10 damage)
             ... with a bolt of electricity
             ... on level 7 of the Dungeon.
             The game lasted 00:18:58 (5586 turns).

MordorOrchid the Ruffian (Troll Earth Elementalist) Turns: 5586, Time: 00:18:59

HP:   0/81 (83)     AC:  8    Str: 18    XL:     9   Next: 61%
MP:   13/13         EV: 13    Int: 14    God:    Qazlal [**....]
Gold: 232           SH:  3    Dex: 10    Spells: 12/15 levels left

rFire    . . .     SeeInvis .     - Unarmed
rCold    . . .     Gourm    +   (no shield)
rNeg     . . .     Faith    .   J - +1 robe {MR+}
rPois    .         Spirit   .   x - +1 hat
rElec    .         Reflect  .   (no cloak)
rCorr    .         Harm     .   (gloves unavailable)
MR       ++...                  (boots unavailable)
Stlth    +.........             (no amulet)
HPRegen  0.63/turn              n - ring of protection from magic
MPRegen  0.13/turn              z - +2 ring of evasion

@: no status effects
A: large, unfitting armour, claws 3, fast metabolism 3, gourmand, regeneration
1, shaggy fur 1, tough skin 3
a: Upheaval, Renounce Religion


You were on level 7 of the Dungeon.
You worshipped Qazlal.
Qazlal was pleased with you.
You were very full.

You visited 2 branches of the dungeon, and saw 8 of its levels.

You collected 384 gold pieces.
You spent 152 gold pieces at shops.

Inventory:

Hand Weapons
 m - a +1 dagger of flaming
 q - a +0 hunting sling
 y - a +2 dagger of chaos
 A - the +0 mace of Resourcefulness {venom, rC++ rN+++ Str-2 Dex+2}
   (You bought it in a shop on level 4 of the Dungeon)

   It poisons the flesh of those it strikes.
   It affects your strength (-2).
   It affects your dexterity (+2).
   It greatly protects you from cold.
   It renders you almost immune to negative energy.
 C - a +0 shortbow
Missiles
 b - 154 stones
 e - 156 arrows
 f - 54 bolts
 h - a throwing net
 i - 2 atropa-tipped darts
 j - 5 boomerangs (quivered)
 s - 101 sling bullets
 E - 9 poisoned darts
Armour
 c - a +0 robe
 x - a +1 hat (worn)
 J - a +1 robe of magic resistance (worn)
Jewellery
 n - a ring of protection from magic (left claw)
 z - a +2 ring of evasion (right claw)
 I - an uncursed ring of magical power
 K - an uncursed amulet of the acrobat {unknown}
Wands
 B - a wand of acid (13)
 M - a wand of clouds (4)
Scrolls
 g - 2 scrolls of fog
 p - a scroll of noise
 r - 2 scrolls of teleportation
 t - 2 scrolls of amnesia
 u - a scroll of magic mapping {unknown}
 G - a scroll of blinking {unknown}
 H - 3 scrolls of remove curse
 L - a scroll of enchant weapon {unknown}
Potions
 a - 2 potions of flight
 k - a potion of might {unknown}
 l - 6 potions of curing
 o - a potion of cancellation {unknown}
 v - 2 potions of ambrosia {unknown}
 w - a potion of agility
 D - a potion of heal wounds {unknown}
 F - a potion of lignification {unknown}
Comestibles
 d - 21 rations
 N - 2 chunks of flesh


   Skills:
 * Level 3.3 Fighting
 * Level 1.5 Throwing
 * Level 4.2 Dodging
 - Level 1.0 Stealth
 + Level 6.7 Unarmed Combat
 * Level 3.8 Spellcasting
 * Level 3.1 Transmutations
 + Level 4.5 Earth Magic
 * Level 2.9 Invocations
 * Level 2.2 Evocations


You had 12 spell levels left.
You knew the following spells:

 Your Spells              Type           Power        Failure   Level  Hunger
a - Sandblast             Erth           ###...       3%          1    None
w - Passwall              Tmut/Erth      ##......     6%          2    ##.....

Your spell library contained the following spells:

 Spells                   Type           Power        Failure   Level  Hunger
 Stone Arrow              Conj/Erth      #.....       24%         3    ###....
 Petrify                  Tmut/Erth      ##......     38%         4    ####...
 Lee's Rapid Deconstruct  Erth           ###.......   63%         5    ######.


Dungeon Overview and Level Annotations

Branches:
Dungeon (7/15)             Temple (1/1) D:4

Altars:
Ashenzari
Elyvilon
Fedhas
Makhleb
Nemelex Xobeh
Okawaru
Qazlal
Ru
Sif Muna
Uskayaw
Xom
Yredelemnul

Shops:
D:4 (

Annotations:
D:7 exclusion: door


Innate Abilities, Weirdness & Mutations

You are too large for most types of armour.
You have claws for hands.
Your metabolism is lightning-fast.
You like to eat raw meat.
Your natural rate of healing is unusually fast.
You are covered in fur. (AC +1)
You have extremely tough skin. (AC +3)


Message History

The electric eel shoots out a bolt of lightning at you!
The bolt of electricity hits you! x2
The electric eel shoots out a bolt of lightning at you!
The bolt of electricity misses you. The bolt of electricity hits you!
An electric eel comes into view.
The bullfrog gives a loud, deep croak!
The electric eel shoots out a bolt of lightning at you!
The bolt of electricity hits you!
The electric eel shoots out a bolt of lightning at you!
The bolt of electricity hits you!
* * * LOW HITPOINT WARNING * * *
The bolt of electricity hits you!
* * * LOW HITPOINT WARNING * * *
The bolt of electricity hits the electric eel.
The electric eel completely resists.
There is a large open door here.
Unknown command.
The electric eel shoots out a bolt of lightning at you!
The bolt of electricity hits you!
You die...

#.#......##########.......#.###
#.#.####......................)
#.#.# #.##########....^..##.##
#.#.# #.# ##########..# ###.#.#
#.# #####.# ....#.# #.# #......
#####.# #.####### #.###.#
#####.# #....÷..## #.# #.#
....#.# #.#####@.# #.# #..
8.8.#.####.# #''# #.# ##.
...........##≈;;..≈≈≈# #.# #.
....#.######≈≈≈;..≈F≈≈# #.# ##
....#.# #≈≈≈≈≈..≈≈≈≈≈# #.# #
......# #≈≈≈≈≈≈..≈≈≈≈≈≈ #.# #
......# ≈≈≈≈≈≈≈..≈≈≈≈≈≈ #.#####
....#.# ≈≈≈≈≈≈≈..≈≈≈≈≈≈ #......
....#.# ≈≈≈≈≈≈≈..≈≈≈≈≈≈ #######


You could see a bullfrog and 2 electric eels.

Vanquished Creatures
  The ghost of tmwh the Ruffian, an amateur TrMo (D:5)
  Grinder (D:2)
  4 hogs (D:7)
  A human (D:7)
  Menkaure (D:5)
  An ice beast (D:5)
  A sky beast (D:5)
  An ogre (D:7)
  A necrophage (D:5)
  4 centaurs
  A big kobold (D:7)
  3 bullfrogs
  2 howler monkeys
  2 crimson imps
  A jelly (D:6)
  A centaur zombie (D:6)
  An orc priest (D:4)
  A bullfrog skeleton (D:4)
  2 hounds (D:5)
  2 centaur skeletons (D:5)
  An iguana (D:5)
  Terence (D:3)
  6 orc wizards
  5 worker ants
  A worker ant zombie (D:7)
  A howler monkey zombie (D:7)
  7 gnolls
  4 adders
  A shadow imp (D:6)
  2 oozes
  5 worms
  3 leopard geckos
  28 orcs
  2 ball pythons (D:4)
  3 bats
  4 giant cockroaches
  8 hobgoblins
  3 jackals (D:5)
  3 quokkas (D:2)
  10 frilled lizards
  7 goblins
  A jackal zombie (D:6)
  7 kobolds
  2 leopard gecko skeletons
  8 rats
155 creatures vanquished.

Notes
Turn   | Place    | Note
-------+----------+-------------------------------------------
     0 | D:1      | MordorOrchid the Troll Earth Elementalist began the quest
                  | for the Orb.
     0 | D:1      | Reached XP level 1. HP: 16/16 MP: 1/1
   737 | D:2      | Reached XP level 2. HP: 26/26 MP: 2/2
   960 | D:2      | Reached skill level 1 in Unarmed Combat
  1009 | D:2      | Found a shattered altar of Ashenzari.
  1140 | D:2      | Reached skill level 1 in Fighting
  1150 | D:2      | Reached XP level 3. HP: 33/33 MP: 0/3
  1507 | D:2      | Learned a level 2 spell: Passwall
  1646 | D:3      | Noticed Grinder
  1681 | D:3      | Reached skill level 2 in Unarmed Combat
  1681 | D:3      | Reached XP level 4. HP: 34/41 MP: 1/4
  1733 | D:2      | Killed Grinder
  1733 | D:2      | Reached skill level 3 in Unarmed Combat
  1733 | D:2      | Reached skill level 1 in Transmutations
  1733 | D:2      | Reached XP level 5. HP: 15/48 MP: 0/6
  1742 | D:3      | Noticed Terence
  2226 | D:3      | Reached XP level 6. HP: 55/55 MP: 7/7
  2284 | D:3      | Killed Terence
  2422 | D:3      | Found a blossoming altar of Fedhas.
  2713 | D:4      | Found a shimmering altar of Xom.
  2714 | D:4      | Found a burning altar of Makhleb.
  2736 | D:4      | Found a staircase to the Ecumenical Temple.
  2746 | Temple   | Entered the Ecumenical Temple
  2757 | Temple   | Became a worshipper of Qazlal Stormbringer
  2822 | D:4      | Found Pulennuv's Antique Weapon Boutique.
  2926 | D:4      | Reached XP level 7. HP: 19/63 MP: 3/9
  2985 | D:4      | Found a sparkling altar of Nemelex Xobeh.
  3033 | D:4      | Bought an ichor-stained mace for 152 gold pieces
  3033 | D:4      | Identified the cursed +0 mace of Resourcefulness {venom,
                  | rC++ rN+++ Str-2 Dex+2} (You bought it in a shop on level 4
                  | of the Dungeon)
  3058 | D:4      | Reached skill level 4 in Unarmed Combat
  3189 | D:5      | Entered Level 5 of the Dungeon
  3257 | D:5      | Noticed Menkaure
  3270 | D:5      | Killed Menkaure
  3444 | D:5      | Found a transporter.
  3444 | D:5      | Noticed tmwh's ghost (amateur TrMo)
  3445 | D:5      | Found a transporter.
  3450 | D:5      | Reached * piety under Qazlal
  3450 | D:5      | Reached skill level 1 in Invocations
  3465 | D:5      | Reached XP level 8. HP: 64/72 MP: 11/11
  3497 | D:5      | Reached skill level 5 in Unarmed Combat
  3570 | D:5      | Reached skill level 1 in Evocations
  3852 | D:5      | Killed tmwh's ghost
  3852 | D:5      | Reached skill level 6 in Unarmed Combat
  3925 | D:6      | Found a sacrificial altar of Ru.
  3927 | D:6      | Found a shimmering blue altar of Sif Muna.
  4220 | D:6      | Found a white marble altar of Elyvilon.
  4674 | D:7      | Reached XP level 9. HP: 78/78 MP: 9/12
  4689 | D:7      | Reached ** piety under Qazlal
  4857 | D:7      | Reached skill level 1 in Throwing
  4925 | D:7      | Found a hide-covered altar of Uskayaw.
  5200 | D:7      | Found a basalt altar of Yredelemnul.
  5586 | D:7      | Killed from afar by an electric eel

Levels and vault maps discovered:
D:1:      psy_arrival_radial01, layout_loops_ring, minmay_misc_feat_hallway
D:2:      layout_basic, nicolae_ashenzari_panopticon
D:3:      layout_rooms, lemuel_coloured_pillars_altar, uniq_grinder,
          uniq_terence
D:4:      layout_basic, grunt_temple_overflow_champion_of_chaos,
          nemelex_xobeh_ov_fountains_minmay, minmay_temple_entry_fiery,
          first_ration, serial_shops, nicolae_shop_waterfront
D:5:      layout_loops_cross, gammafunk_ghost_arena, uniq_menkaure
D:6:      layout_basic, lemuel_round_altar, grunt_temple_overflow_open
D:7:      kennysheep_big_flooded_room, layout_basic, lemuel_doored_altar,
          eat_drink_and_be_merry_uskayaw, grunt_livestock
Temple:   jpeg_temple_clearing

Skill      XL: |  1  2  3  4  5  6  7  8  9 |
---------------+----------------------------+-----
Dodging        | 2 3 4 |  4.2
Unarmed Combat | 1 2 3 4 6 |  6.7
Fighting       | 1 2 3 |  3.3
Transmutations | 1 2 3 |  3.1
Earth Magic    | 3 4 |  4.5
Spellcasting   | 2 3 |  3.8
Invocations    | 1 2 |  2.9
Evocations     | 1 2 |  2.2
Throwing       | 1 |  1.5
Stealth        | |  1.0

Action                   |  1- 3 |  4- 6 |  7- 9 || total
-------------------------+-------+-------+-------++-------
Melee: Unarmed           |   101 |   102 |   253 ||   456
       Punch             |       |     1 |     4 ||     5
Throw: Boomerang         |       |       |    16 ||    16
 Cast: Sandblast         |    15 |    36 |    69 ||   120
Evoke: Wand              |       |       |     6 ||     6
  Use: Scroll            |     4 |       |     4 ||     8
       Potion            |       |     3 |     1 ||     4
 Stab: Distracted        |     1 |       |       ||     1
       Invisible         |       |     2 |       ||     2
  Eat: Ration            |     1 |       |       ||     1
       Chunk             |    18 |    12 |    24 ||    54
Armor: Robe              |    28 |    18 |    82 ||   128
Dodge: Dodged            |    52 |    53 |   154 ||   259
Block: Other             |       |       |    11 ||    11

Table legend:
 A = Non-vault XP
 B = Vault XP
 C = Vault XP percentage of total XP
 D = Non-vault monster count
 E = Vault monster count
 F = Vault count percentage of total count
                 A         B        C        D         E       F
            +---------+---------+-------+---------+---------+-------
      Total |    2490 |    1999 |  44.5 |     142 |      13 |   8.4
            +---------+---------+-------+---------+---------+-------
        D:1 |      11 |       0 |   0.0 |       4 |       0 |   0.0
        D:2 |      62 |     267 |  81.2 |      28 |       1 |   3.4
        D:3 |     160 |      86 |  35.0 |      31 |       2 |   6.1
        D:4 |     273 |       0 |   0.0 |      23 |       0 |   0.0
        D:5 |     745 |     678 |  47.6 |      15 |       5 |  25.0
        D:6 |     438 |       0 |   0.0 |      25 |       0 |   0.0
        D:7 |     801 |     968 |  54.7 |      16 |       5 |  23.8
            +---------+---------+-------+---------+---------+-------
